 Dungeon Crawl Stone Soup version 0.18.1-47-g9310371 (webtiles) character file.

130 matakusis the Grave Robber (level 4, -1/30 HPs)
             Began as a Demonspawn Necromancer on June 18, 2016.
             Slain by Sigmund
             ... wielding a +0 scythe
              (9 damage)
             ... on level 3 of the Dungeon.
             The game lasted 00:17:16 (2274 turns).

matakusis the Grave Robber (Demonspawn Necromancer) Turns: 2274, Time: 00:17:16

Health: -1/30      AC:  2    Str:  8    XL:     4   Next: 89%
Magic:  9/9        EV: 13    Int: 17    God:
Gold:   103        SH:  0    Dex: 22    Spells: 3 memorised, 4 levels left

rFire  . . .     SeeInvis .     r - +2 mace (venom)
rCold  . . .     Gourm    .     a - +0 robe
rNeg   + . .     Faith    .     (no shield)
rPois  .         Spirit   .     (no helmet)
rElec  .         Dismiss  .     (no cloak)
rCorr  .         Reflect  .     (no gloves)
SustAt .         Harm     .     (no boots)
MR     .....                    (no amulet)
Stlth  +.........               t - +6 ring of dexterity
                                f - ring of positive energy

@: confused, not resistant to hostile enchantments, very unstealthy
A: talons 2, agile 1, sturdy frame 1
a: no special abilities


You were on level 3 of the Dungeon.
You were not hungry.

You visited 1 branch of the dungeon, and saw 3 of its levels.

You collected 103 gold pieces.

Inventory:

Hand Weapons
 r - a +2 mace of venom (weapon)
Armour
 a - a +0 robe (worn)
 e - a +0 buckler
Jewellery
 f - a ring of positive energy (left hand)
 t - a +6 ring of dexterity (right hand)
Scrolls
 i - 2 scrolls of identify
 j - a scroll of blinking
 k - a scroll of recharging
 l - a scroll of immolation
Potions
 h - 2 potions of might
 n - 2 potions of resistance {unknown}
 o - 2 potions of cancellation {unknown}
 p - a potion of brilliance {unknown}
 s - 2 potions of haste {unknown}
Books
 b - a book of Necromancy

   Spells                             Type                      Level
   a - Pain                           Necromancy                   1
   b - Animate Skeleton               Necromancy                   1
   c - Vampiric Draining              Necromancy                   3
   d - Regeneration                   Charms/Necromancy            3
   e - Animate Dead                   Necromancy                   4
   f - Control Undead                 Necromancy                   4
Comestibles
 c - 3 bread rations
 g - a meat ration
 q - a fruit


   Skills:
 - Level 1.7 Dodging
 - Level 1.7 Stealth
 + Level 3.6 Spellcasting
 + Level 5.7 Necromancy


You had 4 spell levels left.
You knew the following spells:

 Your Spells              Type           Power        Failure   Level  Hunger
a - Pain                  Necr           ###.         1%          1    None
b - Animate Skeleton      Necr           N/A          1%          1    None
c - Animate Dead          Necr           N/A          17%         4    ####...


Dungeon Overview and Level Annotations

Branches:
Dungeon (3/15)

Altars:
Cheibriados

Annotations:
D:3 Sigmund


Innate Abilities, Weirdness & Mutations

You have razor-sharp toenails.
Your movements are slightly less encumbered by armour (ER -2).
You are agile. (Dex +2)


Message History

Sigmund gestures at you while chanting.
You are more confused.
Sigmund points at you and mumbles some strange words.
The magic dart hits you!
You bump into the rock wall.
Sigmund hits you from afar with a scythe!
The hobgoblin hits you with a club.
The hobgoblin hits you but does no damage.
You bump into the rock wall.
The hobgoblin misses you. Sigmund hits you but does no damage.
The hobgoblin hits you but does no damage.
Sigmund gestures at you while chanting. You resist with some effort.
The hobgoblin hits you with a club.
* * * LOW HITPOINT WARNING * * *
Sigmund barely misses you.
You bump into the rock wall.
The hobgoblin hits you but does no damage.
Sigmund hits you from afar with a scythe!
You die...

............## .
..........<..## .
........####..## .
.........# ##..# .
####.....# ##.###.
#...>.#####...#.
####.......####...
#...##.#.#....##.[
#@g@.....####.....
#...#..%.......%..
#........?.........
#..................
#......#...........
#......#...........
#....#....(....>...
#....###...........
#. ......!......


You could see Sigmund and a hobgoblin.

Vanquished Creatures
  Terence (D:2)
  2 adders (D:2)
  A worm (D:2)
  2 dart slugs (D:1)
  2 giant geckos
  An orc (D:3)
  2 ball pythons (D:2)
  9 bats
  4 giant cockroaches
  13 goblins
  8 hobgoblins
  3 jackals (D:1)
  2 quokkas (D:2)
  A giant newt (D:2)
  7 kobolds
  8 rats
66 creatures vanquished.

Vanquished Creatures (collateral kills)
  2 bats (D:1)
  A giant cockroach (D:1)
  A jackal (D:1)
4 creatures vanquished.

Grand Total: 70 creatures vanquished

Notes
Turn   | Place    | Note
--------------------------------------------------------------
     0 | D:1      | matakusis the Demonspawn Necromancer began the quest for the Orb.
     0 | D:1      | Reached XP level 1. HP: 13/13 MP: 3/3
    48 | D:1      | Learned a level 1 spell: Animate Skeleton
   134 | D:1      | Gained mutation: Your movements are slightly less encumbered by armour (ER -2). [demonic ancestry]
   134 | D:1      | Reached XP level 2. HP: 7/19 MP: 0/5
   262 | D:1      | Reached skill level 5 in Necromancy
   549 | D:1      | Gained mutation: You have sharp toenails. [demonic ancestry]
   549 | D:1      | Reached XP level 3. HP: 18/24 MP: 4/6
  1250 | D:2      | Noticed Terence
  1253 | D:2      | Killed Terence
  1253 | D:2      | Gained mutation: You have razor-sharp toenails. [demonic ancestry]
  1253 | D:2      | Reached XP level 4. HP: 28/30 MP: 4/8
  1283 | D:2      | Learned a level 4 spell: Animate Dead
  1750 | D:2      | Found a snail-covered altar of Cheibriados.
  1911 | D:2      | Gained mutation: You are agile. (Dex +2) [potion of beneficial mutation]
  1940 | D:3      | Noticed Sigmund
  2274 | D:3      | Slain by Sigmund

Skill      XL: |  1  2  3 |
---------------+----------+-----
Necromancy     | 5 |  5.7
Spellcasting   | 3 |  3.6
Dodging        | |  1.7
Stealth        | |  1.7

Action                   |  1- 3 |  4- 6 || total
-------------------------+-------+-------++-------
Melee: Dagger            |    13 |       ||    13
       Mace              |       |     1 ||     1
 Cast: Pain              |    50 |    53 ||   103
       Animate Skeleton  |    15 |     3 ||    18
       Animate Dead      |       |     5 ||     5
  Use: Scroll            |       |     5 ||     5
       Potion            |       |     1 ||     1
  Eat: Chunk             |     2 |     4 ||     6
Armor: Robe              |     9 |     3 ||    12
Dodge: Dodged            |    22 |    11 ||    33
